 Dungeon Crawl Stone Soup version 0.27.0-1-g7a089689b8 (webtiles) character file.

Game seed: 13004550828783216498

120582 sanka the Fighter (level 16, -1/132 HPs)
             Began as a Vine Stalker Hedge Wizard on Aug 1, 2021.
             Was the Champion of Okawaru.
             Succumbed to a naga ritualist's toxic radiance
             ... on level 1 of the Snake Pit.
             The game lasted 01:25:34 (29613 turns).

sanka the Fighter (Vine Stalker Hedge Wizard)      Turns: 29613, Time: 01:25:35

Health: -1/132     AC: 36    Str: 18    XL:     16   Next: 82%
Magic:  0/31       EV:  6    Int: 14    God:    Okawaru [******]
Gold:   520        SH: 30    Dex: 20    Spells: 33/36 levels left

rFire    . . .     SeeInvis .   a - +7 quick blade (venom)
rCold    . . .     Faith    .   J - +18 shield of the Gong {rElec rN+ Will+ EV-5}
rNeg     + . .     Spirit   +   h - +7 chain mail of the Fife {Dex+4}
rPois    .         Reflect  .   g - +0 helmet {Int+3}
rElec    +         Harm     .   O - +1 cloak {Stlth+}
rCorr    .         Rampage  .   H - +0 pair of gloves
Will     +++++     Rnd*Rage +   y - +2 pair of boots
Stlth    ..........             m - necklace of Bloodlust {*Rage +Rage Will++ Int-3 Slay+6}
HPRegen  1.32/turn              T - +4 ring of protection
MPRegen  0.22/turn              e - +4 ring of protection

@: berserking, lethally poisoned (-1 -> -18), slowed
A: fangs 3, regeneration 1, magic shield, antimagic bite, no potion heal 2
a: Renounce Religion, Evoke Berserk Rage, Heroism, Finesse


You were on level 1 of the Snake Pit.
You worshipped Okawaru.
Okawaru was exalted by your worship.
You visited 5 branches of the dungeon, and saw 25 of its levels.
You visited 1 bazaar.
You also visited: Sewer and Gauntlet.

You collected 2745 gold pieces.
You spent 2225 gold pieces at shops.


Innate Abilities, Weirdness & Mutations

You have razor-sharp teeth.
Your natural rate of healing is unusually fast.
When hurt, damage is shared between your health and your magic reserves.
Your bite disrupts and absorbs the magic of your enemies.
Potions cannot restore your health.


   Skills:
 + Level 11.8 Fighting
 - Level 10.0 Short Blades
 + Level 11.5 Armour
 - Level 8.0 Dodging
 - Level 2.4 Stealth
 - Level 10.0 Shields
 + Level 10.7 Spellcasting
 - Level 1.0 Conjurations
 - Level 3.0 Summonings
 - Level 1.0 Translocations
 - Level 8.0 Invocations
 - Level 8.0 Evocations


You had 33 spell levels left.
You knew the following spells:

 Your Spells              Type           Power      Damage    Failure   Level
x - Call Imp              Summ           15%        N/A       54%         2
z - Magic Dart            Conj           40%        1d5       67%         1

Your spell library contained the following spells:

 Spells                   Type           Power      Damage    Failure   Level
 Summon Small Mammal      Summ           60%        N/A       38%         1
 Apportation              Tloc           20%        N/A       67%         1
 Animate Skeleton         Necr           14%        N/A       82%         1
 Corona                   Hex            7%         N/A       82%         1
 Freeze                   Ice            28%        1d5       82%         1
 Pain                     Necr           28%        1d5       82%         1
 Blink                    Tloc           N/A        N/A       82%         2
 Static Discharge         Conj/Air       8%         N/A       87%         2
 Corpse Rot               Necr/Air       N/A        N/A       91%         2
 Passwall                 Tmut/Erth      5%         N/A       91%         2
 Poisonous Vapours        Pois/Air       14%        N/A       91%         2
 Slow                     Hex            7%         N/A       91%         2
 Gell's Gravitas          Tloc           5%         N/A       96%         3
 Teleport Other           Tloc           10%        N/A       96%         3
 Conjure Flame            Conj/Fire      8%         6-21      98%         3
 Dazzling Flash           Conj/Hex       16%        N/A       98%         3
 Mephitic Cloud           Conj/Pois/Air  8%         N/A       98%         3
 Stone Arrow              Conj/Erth      16%        3d8       98%         3
 Frozen Ramparts          Ice            14%        1d3       99%         3
 Ignite Poison            Fire/Tmut/Pois 7%         N/A       99%         3
 Spider Form              Tmut/Pois      3%         N/A       99%         3
 Swiftness                Air            7%         N/A       99%         3
 Vampiric Draining        Necr           3%         2d6       99%         3
 Airstrike                Air            3%         N/A       100%        4
 Hailstorm                Conj/Ice       8%         3d4       100%        4
 Sticky Flame             Conj/Fire      8%         2d3       100%        4
 Summon Lightning Spire   Summ/Air       11%        N/A       100%        4
 Bolt of Magma            Conj/Fire/Erth 4%         4d5       100%        5
 Freezing Cloud           Conj/Ice/Air   4%         6-21      100%        5
 Lightning Bolt           Conj/Air       4%         1d15      100%        5
 Manifold Assault         Tloc           10%        N/A       100%        5
 Dispersal                Tloc           5%         N/A       100%        6
 Invisibility             Hex            3%         N/A       100%        6
 Storm Form               Tmut/Air       3%         N/A       100%        7
 Disjunction              Tloc           5%         N/A       100%        8

Inventory:

Hand Weapons
 a - a +7 quick blade of venom (weapon)
 Z - a +2 rapier of distortion
Missiles
 t - 5 curare-tipped darts (quivered) {=f}
 L - 12 silver javelins
 M - 2 throwing nets {=f}
Armour
 c - a +0 hat
 g - a +0 helmet of intelligence (worn)
 h - the +7 chain mail of the Fife (worn) {Dex+4}

   Dex:       It affects your dexterity (+4).
 y - a +2 pair of boots (worn)
 H - a +0 pair of gloves (worn)
 J - the +18 shield of the Gong (worn) {rElec rN+ Will+ EV-5}

   It is deafeningly noisy when blocking attacks.
   EV:        It affects your evasion (-5).
   rElec:     It insulates you from electricity.
   rN:        It protects you from negative energy.
   Will:      It increases your willpower.
 O - a +1 cloak of stealth (worn)
Magical Staves
 N - a staff of fire
Jewellery
 e - a +4 ring of protection (right hand)
 f - the ring of the Orange Skies {rF+ Stlth+}

   [ring of protection from fire]

   rF:        It protects you from fire.
   Stlth:     It makes you more stealthy.
 j - an amulet of magic regeneration
 m - the necklace of Bloodlust (around neck) {*Rage +Rage Will++ Int-3 Slay+6}

   [amulet of nothing]

   It extends the wearer's berserk rage when killing foes.
   Int:       It affects your intelligence (-3).
   Slay:      It affects your accuracy & damage with ranged weapons and melee
   (+6).
   +Rage:     It lets you go berserk.
   *Rage:     It may make you go berserk in combat.
   Will:      It greatly increases your willpower.
 o - the ring "Otycwish" {Will+ Str+2}

   [ring of willpower]

   Str:       It affects your strength (+2).
   Will:      It increases your willpower.
 G - a ring of protection from cold
 T - a +4 ring of protection (left hand)
Wands
 k - a wand of iceblast (21)
 u - a wand of flame (15)
 U - a wand of polymorph (8)
 W - a wand of acid (28)
 X - a wand of paralysis (19)
Scrolls
 i - 6 scrolls of enchant armour
 r - a scroll of noise {unknown}
 v - 16 scrolls of teleportation {@r4}
 D - a scroll of holy word {unknown}
 F - 2 scrolls of summoning
 K - 4 scrolls of fog
 R - 3 scrolls of vulnerability {!r}
 S - a scroll of silence {unknown}
 Y - 2 scrolls of fear
Potions
 d - 2 potions of resistance
 l - 10 potions of curing {@q1}
 n - 2 potions of berserk rage {unknown}
 p - 2 potions of ambrosia {unknown}
 q - 4 potions of attraction {!q}
 s - 4 potions of flight {unknown}
 w - 4 potions of cancellation
 x - 13 potions of haste {@q3}
 z - 6 potions of heal wounds {unknown}
 A - a potion of experience {unknown}
 B - 5 potions of mutation {!q}
 C - 3 potions of invisibility {unknown}
 E - 4 potions of brilliance {unknown}
 I - 3 potions of magic
 Q - a potion of lignification {unknown}
Miscellaneous
 b - a condenser vane
 P - a phial of floods

Dungeon Overview and Level Annotations

Branches:
Dungeon (15/15)            Temple (1/1) D:7            Lair (6/6) D:11
  Swamp (0/4) Lair:2        Snake (1/4) Lair:4        Slime (0/5) Lair:5
    Orc (2/2) D:10            Elf (0/3) Orc:2        Vaults (0/5) D:13
 Depths (0/5) D:15          Sewer (visited)         Gauntlet (visited)

Altars:
Ashenzari
Cheibriados
Dithmenos
Elyvilon
Fedhas
Gozag
Hepliaklqana
Kikubaaqudgha
Makhleb
Nemelex Xobeh
Okawaru
Qazlal
Ru
Sif Muna
Trog
Uskayaw
Vehumet
Wu Jian
Xom
Yredelemnul
Zin
The Shining One
Beogh
Jiyva
Lugonu

Shops:
D:3 *   D:4 *   D:5 (   D:9 [   D:12 *   D:15 *   Orc:1 *   Orc:2 =[*(

Portals:
Abyss: D:6 Lair:6
Trove: D:12 (give +3 storm dragon scales)

Annotations:
D:3 1 transporter
Orc:2 2 transporters, Lepuefeh's ghost, journeyman MiBe

......^ .......
....... ....... ▒
.......
▒.▒▒▒▒▒▒▒▒)......
▒................
......NSN........
.....NNf).▒......
./.....▒▒▒▒▒▒....
▒▒▒..▒▒ ... ▒▒ ..
.


You could see a naga warrior (strong), a naga ritualist (strong, catching
breath), a mana viper and 2 nagas.


Message History

Unknown command.
Unknown command.
You closely miss the naga warrior. You bite the naga warrior!
You drain its power.
You feel invigorated.
The naga warrior is almost dead.
* * * LOW HITPOINT WARNING * * *
You feel very sick. You block the naga warrior's attack.
PANG!
* * * LOW HITPOINT WARNING * * *
The naga warrior constricts you. You block the naga's attack.
SHROANNG!
You block the naga ritualist's attack.
BOUMMMMG!
The naga hits you with a +0 mace!
* * * LOW HITPOINT WARNING * * *
You block the naga warrior's attack.
SHROANNG!
The mana viper bites you!
* * * LOW HITPOINT WARNING * * *
You feel your power leaking away.
Unknown command.
You puncture the naga warrior!
The necklace of Bloodlust glows a violent red.
You kill the naga warrior!
Okawaru accepts your kill.
You die...

Action                   |  1- 3 |  4- 6 |  7- 9 | 10-12 | 13-15 | 16-18 || total
-------------------------+-------+-------+-------+-------+-------+-------++-------
Melee: Dagger            |    22 |   175 |   713 |  1658 |  2043 |       ||  4611
       Bite              |     4 |    53 |   220 |   634 |  1258 |   181 ||  2350
       Punch             |       |       |       |     4 |       |       ||     4
       Quick blade       |       |       |       |       |  1096 |   375 ||  1471
Throw: Dart              |       |       |       |     7 |     1 |     1 ||     9
 Cast: Magic Dart        |    52 |       |       |       |       |       ||    52
       Call Imp          |     5 |     2 |    14 |     4 |       |       ||    25
Invok: Heroism           |       |       |       |    20 |    19 |     3 ||    42
Evoke: Wand              |       |       |     7 |       |     4 |       ||    11
  Use: Scroll            |       |       |     1 |     8 |     9 |     3 ||    21
       Potion            |       |       |       |     4 |       |       ||     4
 Stab: Sleeping          |       |     7 |     1 |       |       |       ||     8
       Distracted        |       |       |       |     1 |       |       ||     1
Armor: Robe              |     8 |    32 |    72 |    18 |       |       ||   130
       Chain mail        |       |       |       |   235 |   585 |    92 ||   912
Dodge: Dodged            |    31 |    66 |   360 |   207 |   189 |    23 ||   876
Block: Other             |       |       |       |    42 |       |       ||    42
       Reflection        |       |       |       |    17 |    22 |       ||    39
       Kite shield       |       |       |       |  1445 |  3151 |   301 ||  4897

Levels and vault maps discovered:
D:1:      dpeg_arrival_rooms_b, layout_basic, serial_glass, glass_columns_a,
          glass_columns_a
D:2:      layout_loops_ring, uniq_terence, uniq_jessica
D:3:      layout_loops_ring, grunt_nemelex_the_gamble, kiku_gazebo_pond_becter,
          serial_shops, shop_fountains, kennysheep_small_spiral,
          grunt_ministairs_2, kennysheep_generic_room_11
D:4:      layout_loops_ring, mainiacjoe_overflow_small_starburst,
          gammafunk_ghost_mausoleum, minmay_shop_mass
D:5:      layout_basic, gup_sewer_entry_glass, serial_shops,
          nicolae_square_shop, uniq_menkaure
D:6:      layout_cave_pools, nicolae_tso_besieged_by_evil,
          nicolae_dithmenos_the_darkroom, gammafunk_ghost_abyssal_escape
D:7:      layout_layer_cave, minmay_temple_entry_grid, minmay_misc_feat_columns,
          roderic_batcave
D:8:      layout_loops_ring, nicolae_overflow_hidden_temple,
          hellmonk_guarded_unrand_gong
D:9:      layout_cave_pools, mainiacjoe_overflow_six_doors_small,
          mainiacjoe_overflow_cross_hatched, serial_shops, kennysheep_mini_moat,
          kennysheep_big_empty_room, minmay_between, uniq_harold
D:10:     layout_cave_pools, amcnicky_altar_gilded, hiddenorc1_lemuel
D:11:     layout_rooms, due_lair_maze_entry_diamond, uniq_fannar
D:12:     layout_gridville, serial_shops, nicolae_square_shop, enter_trove_5,
          chequers_serial_rivers_small_b, hangedman_tell_no_tales, uniq_maurice,
          uniq_jorgrun, uniq_urug
D:13:     layout_basic, ximxim_vaults_locker_room, uniq_josephine
D:14:     layout_cave_pools, gammafunk_ghost_ooze, okawaru_ov_weapons_minmay
D:15:     grunt_enter_depths_hoard, layout_basic, serial_shops,
          nicolae_shop_stone, hangedman_abyss_or_decor_slice,
          gauntlet_entry_generic
Temple:   cyrus_circular_temple
Lair:1:   layout_cave_pods, st_stairs_9, minmay_hedge_maze
Lair:2:   layout_misc_corridors, skrybe_swamp_entry_bodies,
          chequers_serial_rivers_micro_e, infiniplex_staircase_pool,
          grunt_megastairs_1, lemuel_fruit_tree, serial_bayou_shore_a
Lair:3:   layout_roguey, serial_rivers, chequers_serial_rivers_micro_e,
          chequers_serial_rivers_micro_c, chequers_serial_rivers_marsh,
          chequers_serial_rivers_micro_c, chequers_serial_rivers_micro_b,
          chequers_serial_rivers_micro_c, basic_altar, cheibrodos_lair_lostbears
Lair:4:   layout_layer_cave, guppyfry_snake_entry_garden, basic_altar,
          roderic_carrion_pond
Lair:5:   layout_cave_pods, slime_altar_1
Lair:6:   hellmonk_lair_end_abyssal_woods, layout_regular_city
Snake:1:  layout_layer_cave, uniq_azrael, uniq_nikola
Orc:1:    layout_caves, serial_shops, shop_statue, mines1_david
Orc:2:    grunt_orc_cross, layout_caves, basic_altar, serial_shops,
          bzr_in_the_mist, gammafunk_ghost_wrathful_warriors, uniq_snorg

Notes
Turn   | Place    | Note
-------+----------+-------------------------------------------
     0 | D:1      | sanka the Vine Stalker Hedge Wizard began the quest for the
                  | Orb.
     0 | D:1      | Reached XP level 1. HP: 9/9 MP: 5/5
   348 | D:1      | Reached XP level 2. HP: 13/13 MP: 1/7
   728 | D:1      | Reached skill level 4 in Spellcasting
  1289 | D:2      | Noticed Terence
  1346 | D:2      | Learned a level 2 spell: Call Imp
  1353 | D:1      | Killed Terence
  1354 | D:1      | Reached skill level 2 in Summonings
  1354 | D:1      | Reached XP level 3. HP: 6/16 MP: 0/9
  1845 | D:2      | Noticed Jessica
  1854 | D:2      | Killed Jessica
  1855 | D:2      | Reached skill level 3 in Summonings
  1855 | D:2      | Gained mutation: Your natural rate of healing is unusually
                  | fast. [Vine Stalker growth]
  1855 | D:2      | Reached XP level 4. HP: 11/21 MP: 1/11
  2381 | D:2      | Reached skill level 1 in Fighting
  2662 | D:3      | Found an ancient bone altar of Kikubaaqudgha.
  2678 | D:3      | Noticed a centaur
  2701 | D:3      | Killed a centaur
  2702 | D:3      | Reached skill level 1 in Short Blades
  2702 | D:3      | Reached skill level 2 in Dodging
  2702 | D:3      | Reached XP level 5. HP: 13/25 MP: 8/12
  2796 | D:3      | Reached XP level 6. HP: 19/30 MP: 6/13
  2903 | D:3      | Found a sparkling altar of Nemelex Xobeh.
  2903 | D:3      | Found a transporter.
  3078 | D:3      | Reached skill level 2 in Fighting
  3079 | D:3      | Found Senihat's Assorted Antiques.
  3462 | D:4      | Found a transporter.
  3463 | D:4      | Noticed MoonlitKnight's ghost (amateur MfGl)
  3522 | D:4      | Found a white marble altar of Elyvilon.
  3525 | D:4      | Found Cawnank's Mass Market.
  3644 | D:4      | Found a transporter.
  3819 | D:4      | Reached skill level 2 in Short Blades
  3970 | D:5      | Entered Level 5 of the Dungeon
  4010 | D:5      | Noticed a black bear
  4029 | D:5      | Killed a black bear
  4030 | D:5      | Reached skill level 5 in Spellcasting
  4030 | D:5      | Reached XP level 7. HP: 11/35 MP: 9/15
  4185 | D:5      | Reached skill level 3 in Dodging
  4412 | D:5      | Found a glowing drain.
  4425 | D:5      | Reached skill level 3 in Fighting
  4461 | Sewer    | Entered a sewer
  4608 | Sewer    | Reached skill level 3 in Short Blades
  5336 | D:5      | Noticed Menkaure
  5344 | D:5      | Killed Menkaure
  5345 | D:5      | Gained mutation: You have razor-sharp teeth. [Vine Stalker
                  | growth]
  5345 | D:5      | Reached XP level 8. HP: 25/42 MP: 7/16
  5415 | D:5      | Found Wejoduo's Weapon Shop.
  5635 | D:6      | Noticed a yak
  5635 | D:6      | Noticed a yak
  5635 | D:6      | Noticed a yak
  5635 | D:6      | Noticed a yak
  5635 | D:6      | Noticed a yak
  5635 | D:6      | Noticed a yak
  5657 | D:5      | Killed a yak
  5658 | D:5      | Reached skill level 4 in Fighting
  5658 | D:5      | Reached skill level 4 in Short Blades
  5658 | D:5      | Reached skill level 4 in Dodging
  5834 | D:5      | Killed a yak
  5851 | D:5      | Killed a yak
  5907 | D:5      | Killed a yak
  5908 | D:5      | Reached skill level 5 in Short Blades
  5908 | D:5      | Reached skill level 5 in Dodging
  5938 | D:5      | Killed a yak
  5939 | D:5      | Reached XP level 9. HP: 45/45 MP: 17/17
  6047 | D:6      | Found a glowing golden altar of the Shining One.
  6197 | D:6      | Reached skill level 6 in Short Blades
  6197 | D:6      | Reached skill level 6 in Dodging
  6294 | D:6      | Found a transporter.
  6308 | D:6      | Found a one-way gate to the infinite horrors of the Abyss.
  6308 | D:6      | Noticed sanka's ghost (novice SpFE)
  6360 | D:6      | Found a transporter.
  6394 | D:6      | Found a shadowy altar of Dithmenos.
  7026 | D:7      | Found a staircase to the Ecumenical Temple.
  7071 | Temple   | Entered the Ecumenical Temple
  7136 | Temple   | Became a worshipper of Warmaster Okawaru
  8040 | D:8      | Noticed a two-headed ogre
  8340 | D:8      | HP: 2/45 [two-headed ogre (22)]
  8476 | D:8      | Reached skill level 7 in Short Blades
  8507 | D:8      | Reached skill level 7 in Dodging
  8583 | D:8      | Found a shimmering altar of Xom.
  8615 | D:8      | Reached * piety under Okawaru
  8684 | D:8      | Noticed a vault sentinel
  8684 | D:8      | Noticed a vault sentinel
  8801 | D:7      | Reached XP level 10. HP: 39/49 MP: 15/18
  9289 | D:7      | Reached skill level 8 in Short Blades
  9380 | D:8      | Found the +18 shield of the Gong {rElec rN+ Will+ EV-5}
  9719 | D:8      | Killed a vault sentinel
  9754 | D:8      | Killed a vault sentinel
  9754 | D:8      | Reached ** piety under Okawaru
  9755 | D:8      | Reached skill level 8 in Dodging
  9927 | D:8      | Reached skill level 1 in Shields
  9980 | D:9      | Found a bloodstained altar of Trog.
 10127 | D:7      | Killed a two-headed ogre
 10128 | D:7      | Reached skill level 9 in Short Blades
 10128 | D:7      | Reached skill level 2 in Shields
 10383 | D:7      | Found a staircase to the Ecumenical Temple.
 10721 | D:9      | Found an ornate altar of the Wu Jian Council.
 10804 | D:9      | Noticed a two-headed ogre
 10824 | D:9      | Killed a two-headed ogre
 10824 | D:9      | Reached *** piety under Okawaru
 10825 | D:9      | Reached skill level 5 in Fighting
 10825 | D:9      | Reached skill level 3 in Shields
 10909 | D:9      | Noticed Harold
 11147 | D:9      | Killed Harold
 11148 | D:9      | Reached XP level 11. HP: 36/56 MP: 15/19
 11365 | D:9      | Identified +0 steam dragon scales
 11475 | D:9      | Reached skill level 1 in Invocations
 11485 | D:9      | Reached skill level 4 in Shields
 11609 | D:9      | Found Naolleuk's Armour Emporium.
 11676 | D:9      | Bought a +1 cloak of stealth for 247 gold pieces
 11694 | D:10     | Entered Level 10 of the Dungeon
 11703 | D:10     | Noticed a two-headed ogre
 11739 | D:10     | Noticed a wolf spider
 11770 | D:10     | Reached **** piety under Okawaru
 11795 | D:10     | Reached skill level 1 in Armour
 11795 | D:10     | Reached skill level 2 in Invocations
 11803 | D:10     | Reached skill level 6 in Fighting
 11834 | D:10     | Killed a wolf spider
 11921 | D:9      | Killed a two-headed ogre
 11922 | D:9      | Reached skill level 3 in Invocations
 12356 | D:10     | Found a staircase to the Orcish Mines.
 12409 | D:10     | Found a blossoming altar of Fedhas.
 12496 | D:11     | Noticed an orc knight
 12507 | D:11     | Noticed a two-headed ogre
 12519 | D:10     | Reached skill level 2 in Armour
 12618 | D:10     | Killed an orc knight
 12619 | D:10     | Reached skill level 10 in Short Blades
 12619 | D:10     | Reached skill level 4 in Invocations
 12668 | D:10     | Killed a two-headed ogre
 12668 | D:10     | Reached ***** piety under Okawaru
 12669 | D:10     | Reached skill level 5 in Shields
 12775 | D:10     | Reached skill level 3 in Armour
 12838 | D:11     | Found a staircase to the Lair.
 12838 | D:11     | Noticed Fannar
 12868 | D:10     | Killed Fannar
 12868 | D:10     | Received a gift from Okawaru
 12869 | D:10     | Reached skill level 7 in Fighting
 12869 | D:10     | Reached XP level 12. HP: 56/63 MP: 20/20
 13215 | D:11     | Reached skill level 4 in Armour
 13220 | D:11     | Reached skill level 6 in Shields
 13645 | D:12     | Identified +0 acid dragon scales
 13691 | Lair:1   | Entered Level 1 of the Lair of Beasts
 13921 | Lair:1   | Noticed a seven-headed hydra
 13956 | Lair:1   | Killed a seven-headed hydra
 13957 | Lair:1   | Reached skill level 8 in Fighting
 13980 | Lair:1   | Reached skill level 5 in Armour
 14211 | Lair:1   | Reached skill level 7 in Shields
 14966 | Lair:2   | Reached ****** piety under Okawaru
 15127 | Lair:2   | Reached skill level 6 in Armour
 15127 | Lair:2   | Reached XP level 13. HP: 69/70 MP: 21/21
 15129 | Lair:2   | Found a staircase to the Swamp.
 15332 | Lair:2   | Reached skill level 9 in Fighting
 15742 | Lair:3   | Reached skill level 8 in Shields
 16020 | Lair:2   | Identified the +0 plate armour of Suecluix {rPois Slay+2}
                  | (Okawaru gifted it to you on level 2 of the Lair of Beasts)
 16020 | Lair:2   | Received a gift from Okawaru
 16217 | Lair:3   | Reached skill level 7 in Armour
 16524 | Lair:3   | Found a glowing golden altar of the Shining One.
 16576 | Lair:3   | Reached skill level 9 in Shields
 16988 | Lair:4   | Reached skill level 10 in Fighting
 17205 | Lair:3   | Reached skill level 8 in Armour
 17394 | Lair:4   | Identified the +1 robe of Ostraehidd {rN+ Dex+2} (Okawaru
                  | gifted it to you on level 4 of the Lair of Beasts)
 17394 | Lair:4   | Received a gift from Okawaru
 17395 | Lair:4   | Reached skill level 10 in Shields
 17476 | Lair:4   | Reached XP level 14. HP: 77/77 MP: 22/22
 17485 | Lair:4   | Reached skill level 5 in Invocations
 17673 | Lair:4   | Found a glowing golden altar of the Shining One.
 18294 | Lair:4   | Found a staircase to the Snake Pit.
 18520 | Lair:5   | Reached skill level 6 in Invocations
 18938 | Lair:5   | Found a viscous altar of Jiyva.
 18939 | Lair:5   | Found a staircase to the Slime Pits.
 19366 | Lair:6   | Entered Level 6 of the Lair of Beasts
 19421 | Lair:5   | Reached skill level 7 in Invocations
 19673 | Lair:5   | Reached skill level 8 in Invocations
 20045 | Lair:5   | Received a gift from Okawaru
 20223 | Lair:5   | Reached skill level 9 in Armour
 20242 | Lair:5   | Reached skill level 6 in Spellcasting
 20677 | Lair:5   | Reached skill level 7 in Spellcasting
 20900 | Lair:5   | Identified a scroll of acquirement
 20901 | Lair:5   | Acquired a +4 quick blade
 21088 | Lair:6   | Received a gift from Okawaru
 21089 | Lair:6   | Reached skill level 1 in Evocations
 21089 | Lair:6   | Reached XP level 15. HP: 59/80 MP: 22/27
 21103 | Lair:6   | Reached skill level 10 in Armour
 21107 | Lair:6   | Reached skill level 8 in Spellcasting
 21225 | Lair:6   | Reached skill level 2 in Evocations
 21261 | Lair:6   | Reached skill level 3 in Evocations
 21316 | Lair:6   | Found a corrupted altar of Lugonu.
 22018 | Lair:6   | Identified the +0 ring mail of Absence {Rampage Drain rN+}
 22195 | Orc:1    | Entered Level 1 of the Orcish Mines
 22363 | Orc:1    | Reached skill level 4 in Evocations
 22480 | Orc:2    | Entered Level 2 of the Orcish Mines
 22569 | Orc:2    | Noticed Snorg
 22615 | Orc:2    | Killed Snorg
 22616 | Orc:2    | Reached skill level 5 in Evocations
 22640 | Orc:2    | Found a staircase to the Elven Halls.
 22654 | Orc:2    | Found a radiant altar of Vehumet.
 22816 | Orc:2    | Found a flickering gateway to a bazaar.
 22840 | Bazaar   | Entered a bazaar
 22844 | Bazaar   | Found Fyerulyi's Jewellery Boutique.
 22866 | Bazaar   | Found Hitin's Distillery.
 22891 | Bazaar   | Found Nyuheets's Distillery.
 22911 | Bazaar   | Found Haqe's Jewellery Shoppe.
 22953 | Bazaar   | Bought a potion of haste for 90 gold pieces
 22953 | Bazaar   | Bought a potion of haste for 90 gold pieces
 22953 | Bazaar   | Bought a potion of mutation for 72 gold pieces
 22953 | Bazaar   | Bought a potion of resistance for 90 gold pieces
 22953 | Bazaar   | Bought a potion of resistance for 90 gold pieces
 22953 | Bazaar   | Bought a potion of magic for 72 gold pieces
 22983 | Bazaar   | Bought a +4 ring of protection for 396 gold pieces
 22998 | Bazaar   | Bought the ring of the Orange Skies {rF+ Stlth+} for 382
                  | gold pieces
 23028 | Bazaar   | Bought a potion of magic for 48 gold pieces
 23076 | Orc:2    | Noticed an orc warlord
 23140 | Orc:2    | Killed an orc warlord
 23206 | Orc:2    | Noticed Lepuefeh's ghost (journeyman MiBe)
 23402 | Orc:1    | Found Xuhov's Assorted Antiques.
 23603 | Orc:2    | Received a gift from Okawaru
 23604 | Orc:2    | Reached skill level 6 in Evocations
 23825 | Orc:2    | Found Wafu's Jewellery Shoppe.
 23828 | Orc:2    | Found Ikkeis's Antique Armour Shoppe.
 23884 | Orc:2    | Found Nefuoweb's General Store.
 23987 | Orc:2    | Found a transporter.
 23991 | Orc:2    | Found a transporter.
 23992 | Orc:2    | Found a bloodstained altar of Trog.
 24282 | Orc:2    | Found Ogupuluta's Antique Weapon Shoppe.
 24459 | D:6      | Killed sanka's ghost
 24473 | D:6      | Reached skill level 7 in Evocations
 24606 | D:4      | Killed MoonlitKnight's ghost
 25282 | D:12     | Noticed Jorgrun
 25290 | D:12     | Noticed Urug
 25307 | D:12     | Killed Jorgrun
 25307 | D:12     | Identified the +7 chain mail of the Fife {Dex+4} (Okawaru
                  | gifted it to you on level 12 of the Dungeon)
 25307 | D:12     | Received a gift from Okawaru
 25322 | D:12     | Killed Urug
 25332 | D:12     | Found Nuwkazar's Assorted Antiques.
 25377 | D:12     | Reached skill level 8 in Evocations
 25524 | D:12     | Noticed Maurice
 25541 | D:12     | Killed Maurice
 26035 | D:12     | Identified the +3 quarterstaff "Paucwit" {pain, rElec rF+
                  | Str+8 Int-2}
 26103 | D:12     | Found a portal to a secret trove of treasure.
 26384 | Orc:2    | Bought the necklace of Bloodlust {*Rage +Rage Will++ Int-3
                  | Slay+6} for 648 gold pieces
 26384 | Orc:2    | Found the necklace of Bloodlust {*Rage +Rage Will++ Int-3
                  | Slay+6}
 26547 | D:13     | Noticed Josephine
 26565 | D:13     | Killed Josephine
 26670 | D:13     | Found a gate to the Vaults.
 27014 | D:14     | Found an iron altar of Okawaru.
 27067 | D:14     | Found a runed translucent gate.
 27134 | D:14     | Reached skill level 9 in Spellcasting
 27134 | D:14     | Reached XP level 16. HP: 59/86 MP: 20/30
 27137 | D:14     | Identified +0 acid dragon scales
 27204 | D:14     | Found a runed translucent gate.
 27204 | D:14     | Found a runed translucent gate.
 27204 | D:14     | Noticed wakim's ghost (journeyman DEIE)
 27509 | D:14     | Found a viscous altar of Jiyva.
 27554 | D:14     | Killed wakim's ghost
 27586 | D:14     | Identified the -2 helmet of Arafiorch {Stlth+}
 27617 | D:15     | Entered Level 15 of the Dungeon
 27761 | D:15     | Reached skill level 11 in Fighting
 27884 | D:15     | Found a gate leading to a gauntlet.
 27905 | D:15     | Received a gift from Okawaru
 27905 | D:15     | Identified +0 fire dragon scales
 27957 | D:15     | Reached skill level 11 in Armour
 27967 | Gauntlet | Entered a Gauntlet
 27967 | Gauntlet | Found a transporter.
 27967 | Gauntlet | Found a transporter.
 27981 | Gauntlet | Found a transporter.
 27982 | Gauntlet | Found a transporter.
 27991 | Gauntlet | Found a transporter.
 28001 | Gauntlet | Found a transporter.
 28001 | Gauntlet | Found a transporter.
 28025 | Gauntlet | Found a transporter.
 28032 | Gauntlet | Found a transporter.
 28050 | Gauntlet | Found a transporter.
 28074 | Gauntlet | Found a transporter.
 28096 | Gauntlet | Found a transporter.
 28115 | Gauntlet | Found the ring of Shadows {Umbra +Inv Stlth+}
 28129 | Gauntlet | Found a transporter.
 28143 | Gauntlet | Found a transporter.
 28244 | Gauntlet | Found a transporter.
 28262 | Gauntlet | Found a transporter.
 28413 | Gauntlet | Reached skill level 10 in Spellcasting
 28545 | Gauntlet | Identified the ring "Otycwish" {Will+ Str+2}
 28587 | Gauntlet | Identified the +1 ice dragon scales of Words of Power
                  | {Rampage rF- rC++ Will- Str+7 Int-2}
 28612 | Gauntlet | Identified the +8 short sword of Ifesylui {drain, Str+3}
 28612 | Gauntlet | Identified the +1 acid dragon scales "Unoane" {-Cast +Blink
                  | rElec rCorr SInv}
 28615 | Gauntlet | Got the Grimoire of Blows and Bruises
 28618 | Gauntlet | Got Joacabee's Tome of Changing
 28731 | D:15     | Found a staircase to the Depths.
 29159 | D:15     | Found Irchur's General Store.
 29446 | Snake:1  | Entered Level 1 of the Snake Pit
 29504 | Snake:1  | Noticed Azrael
 29518 | Snake:1  | Killed Azrael
 29563 | Snake:1  | Noticed Nikola
 29592 | Snake:1  | Killed Nikola
 29592 | Snake:1  | Received a gift from Okawaru
 29609 | Snake:1  | HP: 13/132 [naga (13)]
 29612 | Snake:1  | HP: 4/132 [poisoned by a naga ritualist (toxic radiance)]
 29612 | Snake:1  | HP: 1/132 [mana viper (1)]
 29613 | Snake:1  | Succumbed to a naga ritualist's toxic radiance

Vanquished Creatures
  Nikola (Snake:1)
  Jorgrun (D:12)
  An orc warlord (Orc:2)
  2 quicksilver oozes (D:14)
  Azrael (Snake:1)
  A minotaur (Gauntlet)
  Snorg (Orc:2)
  2 fire dragons (D:15)
  Josephine (D:13)
  The ghost of wakim the Nimble, a journeyman DEIE of Vehumet (D:14)
  Fannar (D:10)
  Harold (D:9)
  2 boulder beetles
  3 vault guards
  A naga warrior (Snake:1)
  8 hydras
  An ogre mage (D:15)
  9 two-headed ogres
  2 centaur warriors
  2 tengu warriors
  17 death yaks
  An orc high priest (Orc:2)
  4 thrashing horrors
  Urug (D:12)
  A shock serpent (Snake:1)
  A fire crab (Gauntlet)
  A bog body (Lair:2)
  5 orc knights
  A necromancer (Gauntlet)
  3 deep elf pyromancers
  A wolf spider (D:10)
  4 ugly things
  3 orc sorcerers (Orc:2)
  3 manticores
  An orb spider (shapeshifter) (D:15)
  2 cyclopes
  2 vault sentinels (D:8)
  9 elephants
  13 black mambas
  2 naga magi (Snake:1)
  2 torpor snails
  Maurice (D:12)
  2 smoke demons (Lair:6)
  A gargoyle (D:14)
  A guardian serpent (Snake:1)
  13 cane toads
  The ghost of sanka the Nimble, a novice SpFE (D:6)
  A kobold demonologist (D:11)
  An unseen horror (D:13)
  4 yaktaurs (D:15)
  5 rime drakes
  4 komodo dragons
  2 tengu conjurers
  An ancient zyme (Lair:5)
  A komodo dragon (shapeshifter) (Lair:6)
  3 trolls
  4 polar bears (Lair:3)
  The ghost of MoonlitKnight the Spear-Bearer, an amateur MfGl of Makhleb (D:4)
  21 blink frogs
  8 slime creatures
  7 dream sheep (Lair:5)
  A shadow (D:12)
  A yak (shapeshifter) (D:14)
  75 yaks
  A spriggan (Lair:5)
  4 fire elementals (Snake:1)
  4 fire bats (Gauntlet)
  2 ynoxinuls (Lair:6)
  6 wraiths
  2 vampires
  2 wyverns
  9 humans (D:13)
  7 basilisks
  3 chaos spawn (Lair:6)
  3 steam dragons
  5 wargs
  13 vampire mosquitoes
  16 water moccasins
  Menkaure (D:5)
  5 nagas
  2 hell hounds (Snake:1)
  2 acid dragons
  2 large abominations (Lair:6)
  27 orc warriors
  6 black bears
  16 small abominations
  3 necrophages (Lair:4)
  8 ogres
  23 centaurs
  20 wolves
  4 kobold brigands
  14 bullfrogs
  2 gnoll sergeants
  3 scorpions
  A water moccasin skeleton (D:4)
  7 killer bees
  6 spriggan skeletons (D:12)
  An electric eel (Lair:2)
  A troll skeleton (D:12)
  4 wights (D:8)
  2 howler monkeys
  A quasit (D:6)
  15 orc priests
  8 centaur zombies
  5 jellies
  A bullfrog skeleton (D:5)
  A gnoll shaman (D:7)
  2 hounds (D:6)
  2 iguanas
  18 orc wizards
  2 howler monkey zombies
  A mummy (D:4)
  13 gnolls
  11 adders
  5 river rats (Sewer)
  5 shadow imps
  3 white imps
  2 worms
  3 dart slugs
  44 orcs
  8 ball pythons
  7 endoplasms
  8 giant cockroaches
  5 goblins
  5 hobgoblins
  3 jackals (D:1)
  3 quokkas
  13 bats
  2 frilled lizards
  A giant cockroach zombie (D:3)
  A goblin zombie (D:6)
  3 hobgoblin zombies (D:6)
  28 kobolds
  A kobold skeleton (D:6)
  A kobold zombie (D:6)
  An orc skeleton (D:6)
  2 orc zombies (D:6)
  25 rats
774 creatures vanquished.

Vanquished Creatures (collateral kills)
  2 ogres
  Jessica (D:2)
  Terence (D:1)
4 creatures vanquished.

Vanquished Creatures (others)
  A human (D:13)
  An orc wizard (Orc:2)
  A bush (Lair:3)
  63 fungi
  62 plants
128 creatures vanquished.

Grand Total: 906 creatures vanquished
